 Dungeon Crawl Stone Soup version 0.31.0-32-g396128a36d (webtiles) character file.

Game seed: 14980345878368296556

16 AdnanSaban the Shield-Bearer (level 2, -3/19 HPs)
             Began as a Gargoyle Fighter on Apr 15, 2024.
             Slain by Sigmund
             ... wielding a +0 scythe
              (8 damage)
             ... on level 2 of the Dungeon.
             The game lasted 00:00:32 (731 turns).

AdnanSaban the Shield-Bearer (Gargoyle Fighter)      Turns: 731, Time: 00:00:33

Health: -3/19      AC:  9    Str: 19    XL:     2   Next: 54%
Magic:  2/2        EV:  9    Int:  8    God:
Gold:   35         SH:  4    Dex:  9    Spells: 1/1 levels left

rFire   . . .        a - +0 flail
rCold   . . .        c - +0 buckler
rNeg    + . .        b - +0 scale mail
rPois   ∞            (no helmet)
rElec   +            (no cloak)
rCorr   .            (no gloves)
SInv    .            (no boots)
Will    .....        (no amulet) Stlth
                     (no ring)
HPRegen 0.23/turn    (no ring)
MPRegen 0.08/turn

%: no passive effects
@: no status effects
A: sickness immunity, AC +2, negative energy resistance 1, electricity
resistance, torment resistance 1, petrification resistance
a: no special abilities


You were on level 2 of the Dungeon.
You visited 1 branch of the dungeon, and saw 2 of its levels.

You collected 35 gold pieces.

Inventory:

Hand Weapons
 a - a +0 flail (weapon)
Armour
 b - a +0 scale mail (worn)
 c - a +0 buckler (worn)
Jewellery
 f - a ring of flight
 h - a +6 ring of dexterity
Scrolls
 g - a scroll of teleportation {unknown}
 i - 2 scrolls of identify {unknown}
 j - a scroll of vulnerability {unknown}
Potions
 d - a potion of might
 e - a potion of mutation {unknown}
 k - 2 potions of resistance {unknown}
 l - a potion of degeneration {unknown}


   Skills:
 + Level 3.5 Fighting
 + Level 2.1 Maces & Flails
 + Level 3.5 Armour
 + Level 3.6 Shields


You had one spell level left.
You didn't know any spells.
Your spell library was empty.

Dungeon Overview and Level Annotations

Branches:
Dungeon (2/15)

Altars:

Annotations:
D:2 Sigmund


Innate Abilities, Weirdness & Mutations

You are immune to sickness and miasma.
Your stone body is resilient. (AC +2)
You are immune to poison.
You resist negative energy. (rN+)
You are resistant to electric shocks. (rElec)
You are resistant to unholy torment.
You are immune to petrification.


Message History

You miss the adder. The adder barely misses you.
The ball python bites you but does no damage.
The ball python closely misses you. The adder bites you but does no damage.
You closely miss the adder. The adder barely misses you.
You block the ball python's attack. The ball python barely misses you.
The adder completely misses you. The ball python bites you.
You block the ball python's attack.
You barely miss the adder. The adder bites you but does no damage.
The ball python barely misses you. The ball python closely misses you.
The kobold closely misses you.
Sigmund hits you from afar with a +0 scythe.
You closely miss the adder. The adder barely misses you.
The ball python closely misses you. x2; The adder bites you.
The kobold barely misses you. The ball python barely misses you.
The ball python grabs you. The ball python constricts you.
Sigmund hits you but does no damage.
You barely miss the ball python. The adder barely misses you.
The kobold hits you but does no damage. The ball python bites you.
The ball python constricts you. The adder barely misses you.
You hit the ball python.
You kill the ball python!
Sigmund hits you but does no damage. The kobold hits you with a +0 club.
The adder completely misses you. The kobold closely misses you.
You block the hobgoblin's attack. The adder closely misses you.
You thump the adder!
The adder is severely wounded.
Sigmund hits you from afar with a +0 scythe.
* * * LOW HITPOINT WARNING * * *
The adder bites you.
* * * LOW HITPOINT WARNING * * *
The kobold barely misses you. The hobgoblin closely misses you.
You hit the kobold.
You kill the kobold!
You block the adder's attack.
Sigmund gestures wildly while chanting.
Sigmund flickers and vanishes!
Deactivating autopickup; reactivate with Ctrl-A.
The hobgoblin barely misses you. You block the adder's attack.
Something hits you!
You die...

.... ...
....... .
...#.# ..
..#.# ...
...# ....
.r# .....
#S#####
#..gS#.#...
#...{g@#.###
#..$#.....<#
....
##.#>### ...
#.#.# ..
#.#.# .
+.... #.#.#
#.#.# #.#.#


You could see an adder, a hobgoblin, a goblin, a ball python and a rat.

Vanquished Creatures
  2 endoplasms (D:1)
  A goblin (D:1)
  A hobgoblin (D:1)
  3 jackals (D:1)
  A quokka (D:1)
  A ball python (D:2)
  2 bats (D:1)
  2 kobolds
  A rat (D:1)
14 creatures vanquished.

Notes
Turn   | Place    | Note
-------+----------+-------------------------------------------
     0 | D:1      | AdnanSaban the Gargoyle Fighter began the quest for the
                  | Orb.
     0 | D:1      | Reached XP level 1. HP: 14/14 MP: 1/1
   170 | D:1      | Reached XP level 2. HP: 15/19 MP: 2/2
   404 | D:1      | Found a faded altar of an unknown god.
   720 | D:2      | Noticed Sigmund
   731 | D:2      | Slain by Sigmund

Illustrated notes

Levels and vault maps discovered:
D:1:      ncdulo_lavacross, layout_basic, shapermc_ecumenical_altar_ellora
D:2:      layout_basic, nicolae_figureground_pulse, uniq_sigmund,
          uniq_crazy_yiuf_cottage

Action                     || total
---------------------------++-------
  Melee: Flail             ||    61
 Armour: Scale mail        ||    66
  Dodge: Dodged            ||    49
  Block: Buckler           ||    19
